 Dungeon Crawl Stone Soup version 0.28.0-53-g5a82cb258f (webtiles) character file.

Game seed: 10263308029145391519

63 Sin92 the Skirmisher (level 3, 0/29 HPs)
             Began as a Demonspawn Fighter on Aug 9, 2022.
             Succumbed to an adder's poison
             ... on level 1 of the Dungeon.
             The game lasted 00:01:18 (1113 turns).

Sin92 the Skirmisher (Demonspawn Fighter)           Turns: 1113, Time: 00:01:19

Health: 0/29       AC:  6    Str: 18    XL:     3   Next: 87%
Magic:  3/3        EV:  9    Int:  9    God:
Gold:   38         SH:  5    Dex: 14    Spells: 2/2 levels left

rFire   . . .      SeeInvis .   a - +0 war axe
rCold   . . .      Faith    .   c - +0 buckler
rNeg    . . .      Spirit   .   b - +0 scale mail
rPois   .          Reflect  .   (no helmet)
rElec   .          Harm     .   (no cloak)
rCorr   .          Rampage  .   (no gloves)
Will    .....                   (no boots)
Stlth   +.........              (no amulet)
HPRegen 0.09/turn               (no ring)
MPRegen 0.08/turn               (no ring)

@: lethally poisoned (0 -> -2)
A: thin skeletal structure 1, weakness stinger 1
a: no special abilities


You were on level 1 of the Dungeon.
You visited 1 branch of the dungeon, and saw 2 of its levels.

You collected 38 gold pieces.

Inventory:

Hand Weapons
 a - a +0 war axe (weapon)
Armour
 b - a +0 scale mail (worn)
 c - a +0 buckler (worn)
Scrolls
 f - a scroll of identify {unknown}
 g - a scroll of immolation {unknown}
Potions
 d - a potion of might
 e - a potion of magic {unknown}


   Skills:
 + Level 3.4 Fighting
 * Level 2.7 Axes
 + Level 3.1 Armour
 + Level 3.1 Shields


You had 2 spell levels left.
You didn't know any spells.
Your spell library was empty.

Dungeon Overview and Level Annotations

Branches:
Dungeon (2/15)

Altars:

Shops:
D:1 :


Innate Abilities, Weirdness & Mutations

You have a somewhat thin skeletal structure. (Dex +2, Stealth+)
You have a small tail.


Message History

The bat closely misses you.
There is a stone staircase leading up here.
You can't go down here!
There are no items here.
The bat completely misses you. The adder bites you.
* * * LOW HITPOINT WARNING * * *
You climb upwards.
There is a stone staircase leading down here.
You are too injured to fight recklessly!
Unknown command.
You are too injured to fight recklessly!
Unknown command.
You are too injured to fight recklessly!
Unknown command.
You are too injured to fight recklessly!
You hit the adder.
The adder is moderately wounded.
The adder closely misses you. The adder bites you but does no damage.
You barely miss the adder.
The adder is moderately wounded.
The adder bites you but does no damage. You block the adder's attack.
You closely miss the adder.
Your tail-slap misses the adder.
The adder is lightly wounded.
You block the adder's attack. The adder bites you.
* * * LOW HITPOINT WARNING * * *
You are lethally poisoned!
The adder poisons you!
You slash the adder!
The adder is almost dead.
* * * LOW HITPOINT WARNING * * *
You feel sick. The adder bites you but does no damage.
You block the adder's attack.
You hit the adder.
You kill the adder!
* * * LOW HITPOINT WARNING * * *
You feel sick.
* * * LOW HITPOINT WARNING * * *
You feel sick.
You see here an adder corpse.
You die...

#.##.# ##..♣♣♣♣♣.♣♣♣♣♣. #.##.#
#..# ♣⌠♣ #. #.##.#
#..##♣♣♣.♣♣♣##. #.##.#
#..............
#.##.#####.#.#.#......#
#.##.......#.....#.####
#.##......###....#.####
##.##......#...###..(...
##..##..@†>.#.###...#####
####..###......#.#....## ###
#....## #..........##.####..
##.#######..................#
##..###..........#......######
#....).#.#####.....######
########........####
#.###.#..# ## #.###.####
#######.


There were no monsters in sight!

Vanquished Creatures
  2 adders
  A gnoll (D:2)
  A dart slug (D:1)
  5 endoplasms
  2 goblins (D:1)
  3 hobgoblins (D:1)
  4 jackals (D:1)
  2 ball pythons (D:1)
  5 bats
  A frilled lizard (D:2)
  3 kobolds (D:1)
  3 rats (D:1)
32 creatures vanquished.

Notes
Turn   | Place    | Note
-------+----------+-------------------------------------------
     0 | D:1      | Sin92 the Demonspawn Fighter began the quest for the Orb.
     0 | D:1      | Reached XP level 1. HP: 18/18 MP: 1/1
   236 | D:1      | Gained mutation: You have a somewhat thin skeletal
                  | structure. (Dex +2, Stealth+) [demonic ancestry]
   236 | D:1      | Reached XP level 2. HP: 15/24 MP: 2/2
   551 | D:1      | Found Xoheoduz's Book Emporium.
   924 | D:1      | Gained mutation: You have a small tail. [demonic ancestry]
   924 | D:1      | Reached XP level 3. HP: 29/29 MP: 3/3
  1112 | D:1      | HP: 1/29 [poisoned by an adder]
  1113 | D:1      | Succumbed to an adder's poison

Illustrated notes

Levels and vault maps discovered:
D:1:      scummos_arrival_forest, layout_rooms, serial_shops, shop_statue,
          minmay_misc_feat_encased
D:2:      layout_basic, shapermc_ecumenical_altar_acropolis,
          minmay_misc_feat_tiny, kennysheep_boxes

Skill      XL: |  1  2  3 |
---------------+----------+-----
Axes           | 2 |  2.7
Shields        | 3 |  3.1
Armour         | 3 |  3.1
Fighting       | |  3.4

Action                   || total
-------------------------++-------
Melee: War axe           ||    82
       Tailslap          ||     2
 Stab: Sleeping          ||     1
Armor: Scale mail        ||    64
Dodge: Dodged            ||    43
Block: Buckler           ||    30
